 Dungeon Crawl Stone Soup version 0.29.1-14-g9c671dbff4 (webtiles) character file.

Game seed: 11008290950083779708

53 protoss039 the Digger (level 3, -1/27 HPs)
             Began as a Demonspawn Earth Elementalist on Feb 19, 2023.
             Slain by a kobold
             ... wielding a +0 short sword
              (2 damage)
             ... on level 2 of the Dungeon.
             The game lasted 00:02:00 (1609 turns).

protoss039 the Digger (DsEE)                        Turns: 1609, Time: 00:02:01

Health: -1/27      AC:  1    Str:  8    XL:     3   Next: 64%
Magic:  5/7        EV: 12    Int: 18    God:
Gold:   43         SH:  0    Dex: 13    Spells: 1/7 levels left

rFire   . . .      SeeInvis .   e - +0 short sword (freeze)
rCold   . . .      Faith    .   (no shield)
rNeg    . . .      Spirit   .   (no body armour)
rPois   .          Reflect  .   (no helmet)
rElec   .          Harm     .   (no cloak)
rCorr   .          Rampage  .   (no gloves)
Will    +....                   (no boots)
Stlth   ++........              (no amulet)
HPRegen 0.09/turn               l - ring of willpower
MPRegen 0.10/turn               (no ring)

@: no status effects
A: powered by pain 1, sharp scales 1
a: no special abilities


You were on level 2 of the Dungeon.
You visited 1 branch of the dungeon, and saw 2 of its levels.

You collected 43 gold pieces.

Inventory:

Hand Weapons
 e - a +0 short sword of freezing (weapon)
Magical Staves
 f - a staff of conjuration
Jewellery
 l - a ring of willpower (left hand)
Scrolls
 a - a scroll of identify
 g - 2 scrolls of butterflies {unknown}
 h - a scroll of magic mapping {unknown}
 i - a scroll of enchant weapon {unknown}
 j - a scroll of amnesia {unknown}
Potions
 b - a potion of magic
 c - a potion of degeneration {unknown}
 k - a potion of brilliance {unknown}


   Skills:
 + Level 1.8 Fighting
 - Level 1.7 Dodging
 - Level 1.7 Stealth
 + Level 2.7 Spellcasting
 - Level 0.8 Transmutations
 + Level 3.2 Earth Magic


You had one spell level left.
You knew the following spells:

 Your Spells              Type           Power      Damage    Failure   Level
a - Sandblast             Erth           28%        2d8       4%          1
b - Passwall              Tmut/Erth      7%         N/A       11%         2
c - Stone Arrow           Conj/Erth      16%        3d8       26%         3

Your spell library contained the following spells:

 Spells                   Type           Power      Damage    Failure   Level
 Petrify                  Tmut/Erth      9%         N/A       58%         4


Dungeon Overview and Level Annotations

Branches:
Dungeon (2/15) Zot: 10371

Altars:


Innate Abilities, Weirdness & Mutations

You sometimes gain a little power by taking damage.
You are partially covered in razor-sharp scales. (AC +1, Slay +1)


Message History

Confirm with . or Enter, or press ? or * to list all spells.
Aiming: Sandblast (safe; 4% risk of failure)
Press: ? - help, Shift-Dir - straight line, f/p - endoplasm
Aim: an endoplasm (98% to hit)
The blast of sand hits the gnoll!
The gnoll is almost dead.
The gnoll barely misses you. The gnoll misses you.
Unknown command.
Casting: Sandblast (safe; 4% risk of failure)
Confirm with . or Enter, or press ? or * to list all spells.
Aiming: Sandblast (safe; 4% risk of failure)
Press: ? - help, Shift-Dir - straight line, f/p - endoplasm
Aim: an endoplasm (98% to hit)
The blast of sand hits the endoplasm!
You kill the endoplasm!
The gnoll misses you.
Unknown command.
Casting: Sandblast (safe; 4% risk of failure)
Confirm with . or Enter, or press ? or * to list all spells.
Aiming: Sandblast (safe; 4% risk of failure)
Press: ? - help, Shift-Dir - straight line, f - kobold
Aim: a kobold, wielding a +0 short sword (77% to hit)
The blast of sand hits the kobold.
The kobold is moderately wounded.
The gnoll hits you from afar with a +0 halberd.
* * * LOW HITPOINT WARNING * * *
The kobold barely misses you.
The gnoll hits you from afar with a +0 spear.
* * * LOW HITPOINT WARNING * * *
The gnoll misses you.
Unknown command.
Casting: Sandblast (safe; 4% risk of failure)
Confirm with . or Enter, or press ? or * to list all spells.
Aiming: Sandblast (safe; 4% risk of failure)
Press: ? - help, Shift-Dir - straight line, f/p - kobold
Aim: a kobold, wielding a +0 short sword (moderately wounded, 77% to hit)
Okay, then.
The kobold attacks as you move away!
The kobold hits you with a +0 short sword.
You die...

#.........###
~~~~?.~~~~~~~
#...........#
~~~~..~~~~~~~
#........##.#
~~~~..J~~~~~~ #....<...#
~~~~.K~g~~g~# #........#
~~~~.g~~~~~# #........#
~~~~..S~~~##### #........#
#~~~.S~~~##...###........#
#''# ##..(ggK@....#.....
#..###...#.g......#.#####
#..gg...###########.#
######......... .#
#.######## ##
#.###########
#...........#
#############


You could see 2 gnolls, a goblin and a kobold.

Vanquished Creatures
  A gnoll (D:2)
  An adder (D:2)
  4 endoplasms
  2 giant cockroaches (D:1)
  3 goblins (D:1)
  2 hobgoblins (D:1)
  4 jackals (D:1)
  4 kobolds
  2 quokkas
  A ball python (D:1)
  3 bats (D:1)
  3 rats
30 creatures vanquished.

Notes
Turn   | Place    | Note
-------+----------+-------------------------------------------
     0 | D:1      | protoss039 the Demonspawn Earth Elementalist began the
                  | quest for the Orb.
     0 | D:1      | Reached XP level 1. HP: 13/13 MP: 3/3
   517 | D:1      | Gained mutation: You are partially covered in razor-sharp
                  | scales. (AC +1, Slay +1) [demonic ancestry]
   517 | D:1      | Reached XP level 2. HP: 9/20 MP: 0/5
   756 | D:1      | Reached skill level 1 in Fighting
   762 | D:1      | Reached skill level 3 in Earth Magic
  1341 | D:1      | Found a faded altar of an unknown god.
  1387 | D:1      | Gained mutation: You sometimes gain a little power by
                  | taking damage. [demonic ancestry]
  1387 | D:1      | Reached XP level 3. HP: 25/26 MP: 4/6
  1500 | D:1      | Learned a level 2 spell: Passwall
  1504 | D:1      | Learned a level 3 spell: Stone Arrow
  1598 | D:2      | HP: 1/27 [gnoll/+0 halberd (14)]
  1608 | D:2      | HP: 1/27 [gnoll/+0 spear (3)]
  1609 | D:2      | Slain by a kobold

Illustrated notes

Levels and vault maps discovered:
D:1:      eino_arrival_cavern_b, layout_loops_ring,
          ebering_ecumenical_altar_abandoned, minmay_tromino_v4_a
D:2:      kennysheep_big_flooded_room, layout_basic, uniq_natasha

Skill      XL: |  1  2 |
---------------+-------+-----
Fighting       | 1 |  1.8
Earth Magic    | 3 |  3.2
Dodging        | |  1.7
Stealth        | |  1.7
Spellcasting   | |  2.7
Transmutations | |  0.8

Action                   || total
-------------------------++-------
Melee: Short sword       ||    21
       Dagger            ||     1
 Cast: Sandblast         ||    37
  Use: Scroll            ||     2
       Potion            ||     2
Armor: Robe              ||     1
       Skin              ||     2
Dodge: Dodged            ||    46
